 Dungeon Crawl Stone Soup version 0.29.1-2-gbd0b4ee654 (webtiles) character file.

Game seed: 414208213291986732

57 kingsuperguy the Chopper (level 4, 0/40 HPs)
             Began as a Hill Orc Monk on Nov 18, 2022.
             Slain by a shadow imp (2 damage)
             ... on level 4 of the Dungeon.
             The game lasted 00:04:09 (2248 turns).

kingsuperguy the Chopper (Hill Orc Monk)            Turns: 2248, Time: 00:04:10

Health: 0/40       AC:  6    Str: 15    XL:     4   Next: 0%
Magic:  4/4        EV: 12    Int: 10    God:
Gold:   121        SH:  0    Dex: 13    Spells: 3/3 levels left

rFire   + . .      SeeInvis .   a - +0 hand axe
rCold   + . .      Faith    .   (no shield)
rNeg    . . .      Spirit   .   l - +3 leather armour
rPois   +          Reflect  .   (no helmet)
rElec   +          Harm     .   (no cloak)
rCorr   +          Rampage  .   (no gloves)
Will    .....                   (no boots)
Stlth   ++........              (no amulet)
HPRegen 0.13/turn               (no ring)
MPRegen 0.09/turn               (no ring)

@: mighty, resistant
A: no striking features
a: no special abilities


You were on level 4 of the Dungeon.
You visited 1 branch of the dungeon, and saw 4 of its levels.

You collected 121 gold pieces.

Inventory:

Hand Weapons
 a - a +0 hand axe (weapon)
Armour
 b - a +0 robe
 l - a +3 leather armour (worn)
Jewellery
 e - a ring of positive energy
Scrolls
 c - 3 scrolls of identify {unknown}
 f - a scroll of teleportation {unknown}
 h - a scroll of blinking {unknown}
 i - a scroll of enchant armour {unknown}
 j - 3 scrolls of enchant weapon {unknown}
 k - a scroll of butterflies {unknown}
 n - a scroll of fear {unknown}
Potions
 d - a potion of curing {unknown}
 m - 2 potions of might
 o - a potion of experience {unknown}
 p - a potion of degeneration {unknown}
 q - a potion of haste {unknown}


   Skills:
 + Level 4.1 Fighting
 + Level 4.8 Axes
 + Level 0.8 Armour
 + Level 2.9 Dodging
 + Level 1.9 Stealth


You had 3 spell levels left.
You didn't know any spells.
Your spell library was empty.

Dungeon Overview and Level Annotations

Branches:
Dungeon (4/15)
 Temple: D:4-7

Altars:

Shops:
D:3 *

Annotations:
D:2 1 runed translucent door, Crazy Yiuf
D:3 1 transporter, Grinder
D:4 Natasha


Message History

You hit the quasit but do no damage.
The quasit bites you but does no damage.
The quasit misses you.
The quasit claws you but does no damage.
You can't go down here!
The quasit barely misses you. x2
The quasit claws you but does no damage.
Natasha claws you.
You climb upwards.
Level annotation: 1 transporter, Grinder
There is a stone staircase leading down here.
The quasit closely misses you. The quasit completely misses you.
The quasit claws you but does no damage.
Natasha claws you!
The quasit bites you but does no damage.
The quasit barely misses you. x2
You climb downwards.
The hound bites you. x2
* * * LOW HITPOINT WARNING * * *
The hound stops to sniff the ground.
The hound bites you.
* * * LOW HITPOINT WARNING * * *
There is a stone staircase leading up, spattered with blood here.
You feel protected. The hound bites you.
* * * LOW HITPOINT WARNING * * *
Natasha claws you.
* * * LOW HITPOINT WARNING * * *
The quasit barely misses you. x3; The shadow imp misses you.
A giant cockroach comes into view.
Okay, then.
It was a potion of might.
You feel very mighty all of a sudden. The hound bites you.
* * * LOW HITPOINT WARNING * * *
The quasit bites you but does no damage.
The quasit claws you but does no damage.
The quasit completely misses you. Natasha claws you but does no damage.
The shadow imp hits you but does no damage.
The shadow imp hits you.
You die...

######## .
###...... P♣
.......##..P
#..........
#...5...###
#..@5.....#
#....h5h).##.#
######..#.#
#... # #....
...... .......
......B.


You could see a hound, a quasit, Natasha (resistant), 2 shadow imps and a giant
cockroach (wandering).

Vanquished Creatures
  An adder (D:2)
  2 worms
  2 dart slugs
  3 ball pythons
  8 bats
  5 endoplasms
  A giant cockroach (D:3)
  4 goblins
  A hobgoblin (D:3)
  6 kobolds
  A quokka (D:1)
  2 rats (D:1)
36 creatures vanquished.

Notes
Turn   | Place    | Note
-------+----------+-------------------------------------------
     0 | D:1      | kingsuperguy the Hill Orc Monk began the quest for the Orb.
     0 | D:1      | Reached XP level 1. HP: 19/19 MP: 1/1
   298 | D:1      | Reached XP level 2. HP: 23/27 MP: 2/2
   864 | D:2      | Reached XP level 3. HP: 27/33 MP: 3/3
  1338 | D:2      | Found a faded altar of an unknown god.
  1386 | D:2      | Found a runed translucent door.
  1387 | D:2      | Noticed Crazy Yiuf
  1518 | D:3      | Found a transporter.
  1518 | D:3      | Noticed Grinder
  1522 | D:3      | Paralysed by Grinder for 2 turns
  1830 | D:3      | Found Xiciluasha's General Store.
  2207 | D:3      | Paralysed by Grinder for 5 turns
  2233 | D:4      | Noticed Natasha
  2239 | D:3      | Reached XP level 4. HP: 33/40 MP: 4/4
  2248 | D:4      | HP: 2/40 [hound (1)]
  2248 | D:4      | Slain by a shadow imp

Illustrated notes

Levels and vault maps discovered:
D:1:      elethiomel_arrival_infinity_welcomes_careful_drivers, layout_rooms
D:2:      layout_rooms, shapermc_ecumenical_altar_acropolis,
          kennysheep_small_spiral, uniq_crazy_yiuf_cottage
D:3:      gammafunk_steamed_eel, layout_loops_ring, serial_shops,
          shop_fountains, minmay_misc_feat_iff, uniq_grinder, uniq_ijyb,
          uniq_robin
D:4:      layout_rooms, tso_altar, grunt_temple_overflow_open, serial_demonic,
          serial_demonic_d, serial_demonic_f, serial_demonic_b,
          serial_demonic_b, serial_demonic_c, serial_demonic_c, uniq_natasha

Skill      XL: |  1  2 |
---------------+-------+-----
Fighting       | 4 |  4.1
Axes           | |  4.8
Armour         | |  0.8
Dodging        | |  2.9
Stealth        | |  1.9

Action                   |  1- 3 |  4- 6 || total
-------------------------+-------+-------++-------
Melee: Hand axe          |   142 |     2 ||   144
       Punch             |     1 |       ||     1
  Use: Potion            |     2 |     2 ||     4
 Stab: Sleeping          |     3 |       ||     3
Armor: Robe              |    20 |       ||    20
       Leather armour    |    44 |    15 ||    59
Dodge: Dodged            |   114 |    18 ||   132
